 Dungeon Crawl Stone Soup version 0.30-a0-883-g5ad918d77d (webtiles) character file.

Game seed: 14046634469908730587

3352 Maxmaps the Martial Artist (level 9, -14/65 HPs)
             Began as a Demonspawn Monk on Mar 16, 2023.
             Was a Priest of Cheibriados.
             Demolished by a two-headed ogre
             ... wielding a +0 giant spiked club
              (17 damage)
             ... on level 8 of the Dungeon.
             The game lasted 00:10:40 (7555 turns).

Maxmaps the Martial Artist (Demonspawn Monk)        Turns: 7555, Time: 00:10:41

Health: -14/65     AC: 14    Str: 18    XL:     9   Next: 72%
Magic:  9/9        EV: 10    Int: 21    God:    Cheibriados [***...]
Gold:   417        SH:  0    Dex: 22    Spells: 8/8 levels left

rFire   . . .      SeeInvis +      - Unarmed
rCold   . . .      Faith    .    (no shield)
rNeg    . . .      Spirit   .    H - +0 chain mail
rPois   .          Reflect  .    (no helmet)
rElec   .          Rampage  .    n - +0 cloak
rCorr   .                        (no gloves)
Will    +....                    r - +1 pair of boots Stlth
                                 (no amulet)
HPRegen 0.30/turn                k - ring of willpower
MPRegen 0.11/turn                u - ring of see invisible

@: studying Short Blades, very slow
A: claws 1, powered by death 2, spiny 1, weakness stinger 2
a: Renounce Religion, Bend Time, Temporal Distortion


You were on level 8 of the Dungeon.
You worshipped Cheibriados.
Cheibriados was most pleased with you.
You visited 2 branches of the dungeon, and saw 9 of its levels.
You also visited: Sewer.

You collected 466 gold pieces.
You spent 49 gold pieces at shops.

Inventory:

Missiles
 o - a throwing net (quivered)
Armour
 n - a +0 cloak (worn)
 r - a +1 pair of boots (worn)
 H - a +0 chain mail (worn)
Jewellery
 k - a ring of willpower (left claw)
 u - a ring of see invisible (right claw)
Wands
 a - a wand of light (10)
 b - a wand of flame (1)
 f - a wand of paralysis (19)
 q - a wand of polymorph (7)
Scrolls
 e - 2 scrolls of noise
 i - 2 scrolls of amnesia
 p - 2 scrolls of teleportation
 t - a scroll of enchant weapon
 w - a scroll of poison {unknown}
 y - 3 scrolls of vulnerability {unknown}
 B - 2 scrolls of blinking {unknown}
 C - a scroll of silence
 D - a scroll of enchant armour
 F - a scroll of fear
 G - a scroll of identify
Potions
 c - a potion of lignification
 d - a potion of berserk rage {unknown}
 g - 3 potions of cancellation
 h - 8 potions of curing
 j - 3 potions of attraction
 l - a potion of brilliance {unknown}
 m - 4 potions of heal wounds
 s - a potion of degeneration {unknown}
 v - 3 potions of might {unknown}
 x - a potion of mutation {unknown}
 z - a potion of invisibility {unknown}
 A - a potion of resistance {unknown}
 E - a potion of flight {unknown}


   Skills:
 + Level 4.1 Fighting
 - Level 7.0 Armour
 - Level 4.0 Dodging
 - Level 1.7 Stealth
 - Level 10.1 Unarmed Combat


You had 8 spell levels left.
You didn't know any spells.
Your spell library contained the following spells:

 Spells                   Type           Power      Damage    Failure   Level
 Ensorcelled Hibernation  Hex/Ice        0%         N/A       95%         2
 Dazzling Flash           Conj/Hex       0%         N/A       99%         3
 Inner Flame              Hex/Fire       0%         N/A       99%         3
 Spider Form              Tmut/Pois      0%         N/A       99%         3
 Anguish                  Hex/Necr       0%         N/A       100%        4
 Cause Fear               Hex            0%         N/A       100%        4
 Agony                    Necr           0%         N/A       100%        5
 Iskenderun's Battlesphe  Conj           0%         2d6       100%        5
 Silence                  Hex/Air        0%         N/A       100%        5
 Iron Shot                Conj/Erth      0%         9d1       100%        6
 Spellforged Servitor     Conj/Summ      0%         N/A       100%        7
 Discord                  Hex            0%         N/A       100%        8


Dungeon Overview and Level Annotations

Branches:
Dungeon (8/15)             Temple (1/1) D:6            Lair (0/5) D:8
  Sewer (visited)

Altars:
Ashenzari
Cheibriados
Dithmenos
Fedhas
Hepliaklqana
Kikubaaqudgha
Makhleb
Nemelex Xobeh
Okawaru
Qazlal
Ru
Sif Muna
Trog
Uskayaw
Vehumet
Wu Jian
Xom
Yredelemnul

Shops:
D:1 ?   D:4 *   D:8 *

Annotations:
D:7 2 transporters, Valamore's ghost, novice AtEn


Innate Abilities, Weirdness & Mutations

You have sharp fingernails.
You regenerate health from kills.
You are partially covered in sharp spines.
You have a tail ending in a sharp stinger.


Message History

The two-headed ogre is struck by your spines.
The two-headed ogre closely misses you. The two-headed ogre misses you.
You claw the two-headed ogre!
The two-headed ogre is heavily wounded.
You scratch the two-headed ogre.
The two-headed ogre is heavily wounded.
The two-headed ogre is struck by your spines.
The two-headed ogre hits you with a +0 giant spiked club!
The two-headed ogre barely misses you.
You scratch the two-headed ogre. You claw the two-headed ogre.
The two-headed ogre is severely wounded.
You scratch the two-headed ogre. You tail-slap the two-headed ogre.
The two-headed ogre is severely wounded.
The two-headed ogre hits you with a +0 giant spiked club!
* * * LOW HITPOINT WARNING * * *
The two-headed ogre hits you with a +0 giant spiked club!
* * * LOW HITPOINT WARNING * * *
You are too injured to fight recklessly!
You are too injured to fight recklessly!
You are too injured to fight recklessly!
You are too injured to fight recklessly!
You are too injured to fight recklessly!
You are too injured to fight recklessly!
You are too injured to fight recklessly!
You are too injured to fight recklessly!
You are too injured to fight recklessly!
You are too injured to fight recklessly!
You are too injured to fight recklessly!
You are too injured to fight recklessly!
You are too injured to fight recklessly!
You are too injured to fight recklessly!
You are too injured to fight recklessly!
You scratch the two-headed ogre.
The two-headed ogre is severely wounded.
You scratch the two-headed ogre but do no damage.
Your tail-slap misses the two-headed ogre.
The two-headed ogre is severely wounded.
The two-headed ogre is struck by your spines.
The two-headed ogre hits you with a +0 giant spiked club!
You die...

~P........## #..........
~~........# #..........
~P........# ## # #..........
~P.....##.# ($ ? #..<.#####'
~...#'###.# #### ##....##....
≈~.....#..# #..# #'....#.....
≈≈P....#..## +..+ ###....#.....
≈~.....#...####8O####.#....#.....
≈.~....#......##@#....#....#.....
~~..#####.....##.....########...#
~....####.....##.....##....##...#
~~............#......#...........
~.............'......#....§§§....
~.............#......#....§§.....
P~.........)..#......#.....~§~~..
..............#......+.....~~÷≈..
.........[[...#......#....~~~~~..


You could see a two-headed ogre.

Vanquished Creatures
  A hornet (D:8)
  Grinder (D:3)
  A wyvern (D:7)
  Menkaure (D:7)
  4 sky beasts
  An ice beast (D:6)
  2 orc warriors (D:8)
  2 ogres
  A phantom (D:4)
  3 bullfrogs
  4 scorpions
  A jelly (D:7)
  3 electric eels
  A crimson imp (D:4)
  4 howler monkeys
  2 quasits (D:8)
  Crazy Yiuf (D:4)
  A hound (D:5)
  3 orc priests
  A gnoll bouda (D:8)
  Natasha (thrice) (D:2)
  Terence (D:3)
  4 iguanas
  5 orc wizards
  A sleepcap (D:5)
  11 adders
  12 gnolls
  7 river rats (Sewer)
  2 shadow imps
  A white imp (D:6)
  An ufetubus (D:8)
  2 worms (D:2)
  3 dart slugs
  18 orcs
  5 bats
  4 endoplasms
  3 giant cockroaches
  6 goblins
  8 hobgoblins
  2 jackals (D:4)
  20 kobolds
  4 quokkas
  9 ball pythons
  5 frilled lizards
  29 rats
204 creatures vanquished.

Vanquished Creatures (others)
  A human (D:6)
  3 demonic plants (D:8)
4 creatures vanquished.

Grand Total: 208 creatures vanquished

Notes
Turn   | Place    | Note
-------+----------+-------------------------------------------
     0 | D:1      | Maxmaps the Demonspawn Monk began the quest for the Orb.
     0 | D:1      | Reached XP level 1. HP: 18/18 MP: 1/1
    45 | D:1      | Reached skill level 3 in Unarmed Combat
   132 | D:1      | Found Xitum's Magic Scroll Shoppe.
   342 | D:1      | Discovered your monstrous ancestry.
   342 | D:1      | Gained mutation: You have a small tail. [demonic ancestry]
   342 | D:1      | Reached XP level 2. HP: 24/24 MP: 2/2
   823 | D:2      | Reached XP level 3. HP: 21/30 MP: 3/3
  1045 | D:2      | Noticed Natasha
  1194 | D:2      | Reached XP level 4. HP: 11/37 MP: 4/4
  1304 | D:2      | Found a faded altar of an unknown god.
  1410 | D:2      | Killed Natasha
  1411 | D:2      | Reached skill level 4 in Unarmed Combat
  1529 | D:2      | Noticed Natasha
  1540 | D:2      | Killed Natasha
  1586 | D:2      | Gained mutation: You are partially covered in sharp spines.
                  | [demonic ancestry]
  1586 | D:2      | Reached XP level 5. HP: 42/42 MP: 5/5
  1942 | D:2      | Noticed Natasha
  1950 | D:2      | Killed Natasha
  2193 | D:3      | Noticed Terence
  2194 | D:3      | Noticed Grinder
  2208 | D:3      | Killed Terence
  2238 | D:3      | Paralysed by Grinder for 5 turns
  2252 | D:3      | Killed Grinder
  2253 | D:3      | Gained mutation: You regenerate a little health from kills.
                  | [demonic ancestry]
  2253 | D:3      | Reached XP level 6. HP: 32/48 MP: 6/6
  2419 | D:3      | Found a stormy altar of Qazlal.
  2752 | D:4      | Found Kentuitz's Assorted Antiques.
  2789 | D:4      | Bought a scroll labelled KISORO TUAB for 26 gold pieces
  2798 | D:4      | Bought an emerald potion for 23 gold pieces
  2956 | D:4      | Gained mutation: You have a tail ending in a sharp stinger.
                  | [demonic ancestry]
  2956 | D:4      | Reached XP level 7. HP: 32/54 MP: 7/7
  2997 | D:4      | Found a burning altar of Makhleb.
  3005 | D:4      | Found a radiant altar of Vehumet.
  3040 | D:4      | Found a shimmering blue altar of Sif Muna.
  3536 | D:4      | Found a runed translucent door.
  3537 | D:4      | Noticed Crazy Yiuf
  3549 | D:4      | Killed Crazy Yiuf
  3695 | D:5      | Entered Level 5 of the Dungeon
  3708 | D:5      | Reached skill level 5 in Armour
  4117 | D:5      | Found a glowing drain.
  4130 | D:5      | Gained mutation: You have sharp fingernails. [demonic
                  | ancestry]
  4130 | D:5      | Reached XP level 8. HP: 48/60 MP: 8/8
  4141 | Sewer    | Entered a sewer
  4893 | D:5      | Reached skill level 5 in Unarmed Combat
  5425 | D:6      | Found an ancient bone altar of Kikubaaqudgha.
  5432 | D:6      | Found an iron altar of Okawaru.
  5469 | D:6      | Found a staircase to the Ecumenical Temple.
  5478 | D:6      | Reached skill level 6 in Unarmed Combat
  5481 | Temple   | Entered the Ecumenical Temple
  5739 | D:6      | Reached skill level 7 in Unarmed Combat
  6269 | D:7      | Found a transporter.
  6373 | D:7      | Noticed Menkaure
  6381 | D:7      | Killed Menkaure
  6382 | D:7      | Reached skill level 8 in Unarmed Combat
  6382 | D:7      | Gained mutation: You regenerate health from kills. [demonic
                  | ancestry]
  6382 | D:7      | Reached XP level 9. HP: 46/65 MP: 9/9
  6775 | D:7      | Noticed Valamore's ghost (novice AtEn)
  6775 | D:7      | Noticed a troll
  6782 | D:7      | Found a bloodstained altar of Trog.
  6782 | D:7      | Noticed a moth of wrath
  6798 | D:7      | Found a transporter.
  6919 | D:8      | Found a snail-covered altar of Cheibriados.
  6937 | D:8      | Became a worshipper of Cheibriados the Contemplative
  6937 | D:8      | Reached * piety under Cheibriados
  6937 | D:8      | Reached ** piety under Cheibriados
  6962 | D:8      | Found a staircase to the Lair.
  7029 | D:8      | Reached skill level 9 in Unarmed Combat
  7085 | D:8      | Reached skill level 10 in Unarmed Combat
  7245 | D:8      | Reached *** piety under Cheibriados
  7412 | D:8      | Found Kilanen's Elemental Accessories.
  7546 | D:8      | Noticed a two-headed ogre
  7553 | D:8      | HP: 3/65 [two-headed ogre/+0 giant spiked club (16)]
  7555 | D:8      | Demolished by a two-headed ogre

Illustrated notes

Levels and vault maps discovered:
D:1:      amcnicky_arrival_double_pillar, layout_basic, serial_shops,
          shop_statue, hex_tiny
D:2:      layout_loops_ring, chequers_ecumenical_altar_island, uniq_natasha
D:3:      layout_rooms, amcnicky_altar_gilded, marbit_many_paths, uniq_terence,
          uniq_grinder
D:4:      layout_loops_ring, grunt_temple_overflow_lords_of_destruction,
          overflow_temple_1_default, serial_shops, nicolae_stop_n_shop_1,
          st_stairs_12, uniq_crazy_yiuf_cottage
D:5:      layout_cave_pods, gup_sewer_entry_glass,
          chequers_serial_rivers_small_3
D:6:      layout_rooms, tgw_kikubaaqudgha, okawaru_metal_pillars_1_2,
          minmay_temple_entry_drinking_statues, kennysheep_generic_room_9
D:7:      layout_gridville, gammafunk_ghost_wrathful_warriors, minivault_4,
          uniq_menkaure
D:8:      minmay_chambers_of_sixes, layout_gridville,
          mainiacjoe_overflow_concentric_impassable, lair_entry_dummy,
          serial_demonic, serial_demonic_e, serial_demonic_f, serial_demonic_b,
          serial_demonic_b, chequers_big_river, nicolae_elemental_shop
Temple:   hellmonk_temple_forest_ring

Skill      XL: |  1  2  3  4  5  6  7  8  9 |
---------------+----------------------------+-----
Unarmed Combat | 3 4 8 10 | 10.1
Fighting       | 4 |  4.1
Dodging        | 3 4 |  4.0
Armour         | 3 4 6 7 |  7.0
Stealth        | |  1.7

Action                     |  1- 3 |  4- 6 |  7- 9 || total
---------------------------+-------+-------+-------++-------
  Melee: Unarmed           |    97 |   140 |   370 ||   607
         Tailslap          |    10 |    21 |    61 ||    92
         Punch             |     1 |     5 |     7 ||    13
    Use: Potion            |       |     2 |     4 ||     6
         Scroll            |       |    10 |     4 ||    14
   Stab: Sleeping          |     4 |     3 |     4 ||    11
 Armour: Robe              |     7 |     3 |       ||    10
         Ring mail         |       |    18 |   109 ||   127
         Skin              |       |       |    90 ||    90
  Dodge: Dodged            |    53 |    67 |   172 ||   292

Table legend: (Time is in decaauts)
 A = Elapsed time spent in this place.
 B = Non-inter-level travel time spent in this place.
 C = Inter-level travel time spent in this place.
 D = Time resting spent in this place.
 E = Time spent auto-exploring this place.
 F = Levels seen in this place.
 G = Mean time per level.
                   A        B        C        D        E       F      G
               +--------+--------+--------+--------+--------+-----+--------+
         Total |   7787 |   7447 |    340 |    677 |   5277 |  10 |  778.7 |
       Dungeon |   6969 |   6643 |    326 |    583 |   4737 |   8 |  871.1 |
        Temple |    203 |    189 |     14 |      0 |    179 |   1 |  203.0 |
         Sewer |    614 |    614 |      0 |     94 |    361 |   1 |  614.0 |
               +--------+--------+--------+--------+--------+-----+--------+

Top non-repeatable levels by time:
     D:2: 1244 daAuts
     D:5: 1118 daAuts
     D:1: 878 daAuts
     D:4: 875 daAuts
     D:8: 872 daAuts
     D:3: 697 daAuts
     D:7: 647 daAuts
     D:6: 634 daAuts
   Sewer: 614 daAuts
  Temple: 203 daAuts
